 Dungeon Crawl Stone Soup version 0.22.1-1-ga44c0e56f4 (webtiles) character file.

2671 Gargoyl the Chopper (level 9, 0/74 (75) HPs)
             Began as a Centaur Abyssal Knight on Oct 11, 2018.
             Was a Priest of Lugonu.
             Slain by a cyclops (27 damage)
             ... on level 7 of the Dungeon.
             The game lasted 00:13:10 (7968 turns).

Gargoyl the Chopper (Centaur Abyssal Knight)        Turns: 7968, Time: 00:13:10

HP:   0/74 (75)     AC: 16    Str: 16    XL:     9   Next: 37%
MP:   13/13         EV:  8    Int: 11    God:    Lugonu [***...]
Gold: 56            SH:  3    Dex: 11    Spells: 8/8 levels left

rFire    + . .     SeeInvis .   t - +1 hand axe (venom)
rCold    + . .     Gourm    .   k - +0 buckler (curse)
rNeg     . . .     Faith    .   B - +2 chain mail {rC+}
rPois    .         Spirit   .   n - +1 helmet
rElec    .         Reflect  .   v - +1 cloak
rCorr    .         Harm     .   q - +0 pair of gloves
MR       .....                  (no barding)
Stlth    ..........             (no amulet)
HPRegen  0.22/turn              r - +3 ring of evasion
MPRegen  0.13/turn              u - ring of protection from fire

@: very quick
A: large, hooves 3, deformed body, speed 2, tough skin 3
a: Depart the Abyss, Bend Space, Banish, Renounce Religion


You were on level 7 of the Dungeon.
You worshipped Lugonu.
Lugonu was most pleased with you.
You were hungry.

You visited 1 branch of the dungeon, and saw 7 of its levels.
You visited the Abyss 1 time.

You collected 292 gold pieces.
You spent 236 gold pieces at shops.

Inventory:

Hand Weapons
 a - a +2 hand axe
 l - a +0 blowgun
 p - a +0 hand axe of flaming
 t - a +1 hand axe of venom (weapon)
Missiles
 m - 18 poisoned needles
 s - 13 tomahawks (quivered)
Armour
 k - a cursed +0 buckler (worn)
 n - a +1 helmet (worn)
 q - a +0 pair of gloves (worn)
 v - a +1 cloak (worn)
 B - a +2 chain mail of cold resistance (worn)
Jewellery
 r - a +3 ring of evasion (left hand)
 u - a ring of protection from fire (right hand)
 E - a +3 ring of dexterity {unknown}
Wands
 d - a wand of enslavement (8)
Scrolls
 b - 4 scrolls of teleportation
 f - 3 scrolls of remove curse
 h - 4 scrolls of blinking
 i - 2 scrolls of magic mapping
 w - 2 scrolls of amnesia
 y - a scroll of holy word {unknown}
 C - a scroll of identify
Potions
 e - a potion of degeneration {unknown}
 g - 5 potions of curing
 j - 2 potions of resistance
 o - a potion of brilliance {unknown}
 x - a potion of ambrosia {unknown}
 z - a potion of haste {unknown}
 A - 2 potions of lignification {unknown}
Comestibles
 c - 7 rations


   Skills:
 + Level 6.1 Fighting
 + Level 6.3 Axes
 + Level 1.7 Throwing
 * Level 5.6 Armour
 + Level 1.2 Dodging
 + Level 1.1 Shields
 * Level 6.2 Invocations


You had 8 spell levels left.
You didn't know any spells.
Your spell library contained the following spells:

 Spells                   Type           Power        Failure   Level  Hunger
 Confusing Touch          Hex            #.....       100%        1    ##.....
 Infusion                 Chrm           #...         100%        1    ##.....
 Magic Dart               Conj           #...         100%        1    ##.....
 Summon Small Mammal      Summ           #...         100%        1    ##.....
 Blink                    Tloc           N/A          100%        2    ###....
 Call Imp                 Summ           #.......     100%        2    ###....
 Shroud of Golubria       Chrm/Tloc      #.........   100%        2    ###....
 Slow                     Hex            #.......     100%        2    ###....
 Song of Slaying          Chrm           #.......     100%        2    ###....
 Call Canine Familiar     Summ           #.......     100%        3    ####...
 Confuse                  Hex            #.......     100%        3    ####...
 Conjure Flame            Conj/Fire      #.......     100%        3    ####...
 Gell's Gravitas          Tloc           #.........   100%        3    ####...
 Mephitic Cloud           Conj/Pois/Air  #.......     100%        3    ####...
 Regeneration             Chrm/Necr      #.........   100%        3    ####...
 Spectral Weapon          Hex/Chrm       #.......     100%        3    ####...
 Summon Guardian Golem    Hex/Summ       #.......     100%        3    ####...
 Petrify                  Tmut/Erth      #.......     100%        4    #####..
 Summon Ice Beast         Ice/Summ       #.......     100%        4    #####..
 Summon Lightning Spire   Summ/Air       #.......     100%        4    #####..
 Metabolic Englaciation   Hex/Ice        #.........   100%        5    ######.
 Yara's Violent Unravell  Hex/Tmut       #.........   100%        5    ######.


Dungeon Overview and Level Annotations

Branches:
Dungeon (7/15)             Temple (0/1) D:4

Altars:
Cheibriados
Elyvilon
Makhleb
Trog
Wu Jian
Zin
The Shining One
Beogh

Shops:
D:5 *   D:7 *


Innate Abilities, Weirdness & Mutations

You have hooves in place of feet.
Armour fits poorly on your strangely shaped body.
You cover ground very quickly.
You have extremely tough skin. (AC +3)


Message History

The killer bee stings you but does no damage.
You miss the killer bee. The killer bee stings you. x2
You slash the killer bee! Your kick misses the killer bee.
The killer bee is severely wounded.
You block the killer bee's attack.
You hit the cyclops but do no damage.
The cyclops is poisoned.
You hit the cyclops.
The cyclops looks as sick as possible!
You kick the cyclops.
The cyclops is lightly wounded.
Your chain mail prevents you from hitting the cyclops.
You kick the cyclops!
The cyclops is moderately wounded.
The cyclops hits you!!
You hit the cyclops but do no damage.
The cyclops looks as sick as possible!
The cyclops is heavily wounded.
The cyclops hits you.
You hit the cyclops but do no damage.
The cyclops is heavily wounded.
The cyclops hits you!!
You die...

####..##..(()##......§§
...##.#####)##.....§§
###..##.#.....#.##.....§
#$##.#.#..###(.#.#......
#..###.#.#...#.#.#......
#($.#..#.#.#.#.#.+......
#...(.h#.#...#.#.#......
#.h.####TC#..###..#.#......
..()o.a..y#@#.....#.##
##.)C####.##.#####.## ..
?####.....# . .# ...### .#
..## )# ##. ## #. #. .#


You could see a cyclops, a troll and a black bear.

Vanquished Creatures
  Joseph (D:7)
  Grinder (D:3)
  Sigmund (D:5)
  An eye of draining (Abyss:2)
  A sky beast (D:5)
  A necrophage (D:5)
  A phantom (D:3)
  3 ogres
  The ghost of Lucifer the Vandal, an amateur DsHu (D:3)
  4 centaurs
  A big kobold (D:7)
  2 bullfrogs
  2 scorpions (D:5)
  A killer bee (D:7)
  2 centaur zombies
  3 crimson imps
  A jelly (D:5)
  2 orc wizards (D:4)
  A hound (D:4)
  An iguana (D:4)
  2 orc priests
  A worker ant (D:5)
  A hound zombie (D:6)
  A worker ant zombie (D:5)
  Robin (D:3)
  3 gnolls (D:3)
  2 howler monkey skeletons
  6 adders
  An ooze (D:2)
  2 adder skeletons
  3 worms
  A dart slug (D:1)
  4 leopard geckos
  19 orcs
  8 giant cockroaches
  12 hobgoblins
  3 jackals (D:3)
  10 kobolds
  A quokka (D:2)
  4 bats
  3 frilled lizards
  13 goblins
  A jackal skeleton (D:7)
  A leopard gecko skeleton (D:7)
  A quokka skeleton (D:5)
  6 rats
141 creatures vanquished.

Notes
Turn   | Place    | Note
-------+----------+-------------------------------------------
     0 | Abyss:1  | Gargoyl the Centaur Abyssal Knight began the quest for the
                  | Orb.
     0 | Abyss:1  | Reached XP level 1. HP: 19/19 MP: 2/2
     0 | Abyss:1  | Found a corrupted altar of Lugonu.
    78 | Abyss:2  | Noticed an eye of draining
    95 | Abyss:2  | Killed an eye of draining
    95 | Abyss:2  | Reached XP level 2. HP: 28/28 MP: 1/3
    95 | Abyss:2  | Reached XP level 3. HP: 34/34 MP: 1/4
    95 | Abyss:2  | Reached XP level 4. HP: 41/41 MP: 1/5
   123 | Abyss:2  | Noticed an ancient zyme
   137 | Abyss:2  | Noticed a raiju
   144 | Abyss:2  | Noticed a tentacled starspawn
   146 | Abyss:2  | Noticed a thrashing horror
   150 | D:1      | Escaped the Abyss
   283 | D:1      | Reached * piety under Lugonu
   430 | D:1      | Found a glowing golden altar of the Shining One.
  1294 | D:2      | Reached XP level 5. HP: 46/47 MP: 6/6
  1730 | D:2      | Found an ornate altar of the Wu Jian Council.
  1823 | D:2      | Reached ** piety under Lugonu
  2002 | D:3      | Noticed Robin
  2407 | D:3      | Killed Robin
  2450 | D:3      | Noticed Grinder
  2520 | D:3      | Paralysed by Grinder for 2 turns
  2771 | D:3      | Killed Grinder
  2771 | D:3      | Reached skill level 5 in Fighting
  2771 | D:3      | Reached skill level 1 in Throwing
  2771 | D:3      | Reached XP level 6. HP: 50/56 MP: 6/8
  3256 | D:3      | Reached XP level 7. HP: 36/61 MP: 9/9
  3424 | D:3      | Found a runed gate.
  3424 | D:3      | Noticed Lucifer's ghost (amateur DsHu)
  3509 | D:3      | Found a runed gate.
  3510 | D:3      | Found a runed gate.
  3544 | D:3      | Found a bloodstained altar of Trog.
  3653 | D:3      | Found a white marble altar of Elyvilon.
  3777 | D:3      | Found a roughly hewn altar of Beogh.
  3821 | D:3      | Killed Lucifer's ghost
  4304 | D:4      | Found a staircase to the Ecumenical Temple.
  4423 | D:4      | Reached *** piety under Lugonu
  4463 | D:4      | HP: 3/61 [poisoned by an orc wizard]
  4968 | D:4      | Got a faintly glowing turquoise ring
  4970 | D:4      | Identified the ring of Irghanat {Fire *Slow Slay+3 SInv
                  | Stlth+} (You found it on level 4 of the Dungeon)
  5051 | D:4      | Reached skill level 1 in Dodging
  5128 | D:5      | Entered Level 5 of the Dungeon
  5128 | D:5      | Found Mynuphue's Assorted Antiques.
  5501 | D:5      | Reached XP level 8. HP: 52/68 MP: 11/11
  5959 | D:5      | Noticed Sigmund
  5968 | D:5      | Reached skill level 5 in Axes
  5996 | D:5      | Killed Sigmund
  5996 | D:5      | Reached skill level 5 in Invocations
  6230 | D:5      | Found a burning altar of Makhleb.
  6230 | D:5      | Found a glowing silver altar of Zin.
  6231 | D:5      | Noticed an angel
  6231 | D:5      | Noticed a cacodemon
  6475 | D:5      | Reached skill level 5 in Armour
  6676 | D:5      | Reached skill level 1 in Shields
  7121 | D:6      | Reached XP level 9. HP: 66/74 MP: 13/13
  7430 | D:6      | Found a snail-covered altar of Cheibriados.
  7614 | D:7      | Found Qiecot's General Store.
  7617 | D:7      | Bought a +2 chain mail of cold resistance for 236 gold
                  | pieces
  7651 | D:7      | Noticed Joseph
  7672 | D:7      | Killed Joseph
  7940 | D:7      | Noticed a cyclops
  7958 | D:7      | Noticed a troll
  7968 | D:7      | Slain by a cyclops

Skill      XL: |  1  2  3  4  5  6  7  8  9 |
---------------+----------------------------+-----
Fighting       | 4 5 6 |  6.1
Axes           | 2 3 4 5 6 |  6.3
Armour         | 2 3 4 5 |  5.6
Throwing       | 1 |  1.7
Invocations    | 3 4 5 6 |  6.2
Dodging        | 1 |  1.2
Shields        | 1 |  1.1

Action                   |  1- 3 |  4- 6 |  7- 9 || total
-------------------------+-------+-------+-------++-------
Melee: Hand axe          |    12 |   197 |   327 ||   536
       Kick              |     5 |    44 |    84 ||   133
 Fire: Blowgun           |       |    16 |       ||    16
Throw: Tomahawk          |       |       |     6 ||     6
Invok: Depart the Abyss  |       |     1 |       ||     1
  Use: Scroll            |       |     6 |     5 ||    11
       Potion            |       |     1 |     2 ||     3
  Eat: Chunk             |       |     3 |     5 ||     8
       Ration            |       |     1 |     2 ||     3
Armor: Chain mail        |       |   172 |   190 ||   362
Dodge: Dodged            |       |    46 |    85 ||   131
Block: Buckler           |       |    20 |    37 ||    57
